 Dungeon Crawl Stone Soup version 0.32-a0-338-g4f8ebfe (webtiles) character file.

Game seed: 2795667753570512583

4580 edsrzf the Cleaver (level 10, 0/88 HPs)
             Began as a Mountain Dwarf Reaver on Feb 16, 2024.
             Was an Elder of Cheibriados.
             Slain by a spriggan
             ... wielding a +0 spear
              (12 damage)
             ... in a bailey.
             The game lasted 00:18:47 (8020 turns).

edsrzf the Cleaver (Mountain Dwarf Reaver)          Turns: 8020, Time: 00:18:47

Health: 0/88       AC:  5    Str: 32    XL:     10   Next: 18%
Magic:  15/16      EV: 12    Int: 27    God:    Cheibriados [****..]
Gold:   418        SH:  0    Dex: 18    Spells: 11/17 levels left

rFire   . . .        a - +2 war axe (elec)
rCold   . . .        (no shield)
rNeg    . . .        F - +1 leather armour {Will+}
rPois   .            w - +0 helmet
rElec   .            (no cloak)
rCorr   .            (no gloves)
SInv    .            (no boots)
Will    ++...        p - amulet of faith {!P}
Stlth   +            o - +6 ring of strength
HPRegen 0.34/turn    z - ring of flight
MPRegen 0.15/turn

%: faith
@: flying, very slow
A: runic magic, artefact enchanting
a: Renounce Religion, Bend Time, Temporal Distortion, Slouch


You were in a bailey.
You worshipped Cheibriados.
Cheibriados was greatly pleased with you.
You visited 2 branches of the dungeon, and saw 9 of its levels.
You also visited: Bailey.

You collected 431 gold pieces.
You spent 13 gold pieces at shops.

Inventory:

Hand Weapons
 a - a +2 war axe of electrocution (weapon)
 b - a +1 whip of venom
 G - a +0 broad axe
Missiles
 c - 4 throwing nets {=f}
 e - a curare-tipped dart
 r - 15 poisoned darts
Armour
 d - a scarf of shadows
 f - +0 swamp dragon scales
 w - a +0 helmet (worn)
 F - a +1 leather armour of willpower (worn)
Jewellery
 o - a +6 ring of strength (left hand)
 p - an amulet of faith (around neck) {!P}
 z - a ring of flight (right hand)
Wands
 q - a wand of polymorph (13)
 s - a wand of mindburst (19)
 H - a wand of paralysis (11)
Scrolls
 g - 4 scrolls of identify
 h - 5 scrolls of immolation
 j - a scroll of torment {unknown}
 m - a scroll of noise {unknown}
 n - 2 scrolls of fog
 u - 2 scrolls of enchant armour {unknown}
 v - a scroll of brand weapon {unknown}
 A - 2 scrolls of revelation {unknown}
 E - a scroll of fear {unknown}
Potions
 i - a potion of berserk rage {!q}
 k - a potion of attraction
 l - a potion of curing
 t - 4 potions of might
 x - a potion of brilliance
 B - a potion of haste {unknown}
 C - a potion of lignification {unknown}
 D - 2 potions of heal wounds


   Skills:
 - Level 8.0 Fighting
 - Level 12.3 Axes
 + Level 2.7 Armour
 - Level 1.3 Dodging
 - Level 4.0 Spellcasting
 - Level 4.0 Conjurations
 - Level 3.0 Necromancy
 - Level 4.1 Translocations
 + Level 1.3 Invocations


You had 11 spell levels left.
You knew the following spells:

 Your Spells              Type           Power      Damage    Failure   Level
a - Kiss of Death         Conj/Necr      96%        2d12      1%          1
b - Momentum Strike       Conj/Tloc      54%        3d9       2%          2
v - Vampiric Draining     Necr           21%        2d7       7%          3

Your spell library contained the following spells:

 Spells                   Type           Power      Damage    Failure   Level
 Slow                     Hex            20%        N/A       8%          1
 Hailstorm                Conj/Ice       16%        3d6       11%         3
 Confusing Touch          Hex            5%         N/A       24%         3
 Sigil of Binding         Hex            5%         N/A       24%         3
 Ignite Poison            Fire/Alch      5%         N/A       61%         4
 Sticky Flame             Fire/Alch      5%         2d4       61%         4
 Ignition                 Fire           2%         3d3       100%        8


Dungeon Overview and Level Annotations

Branches:
Dungeon (8/15)             Temple (1/1) D:4          Bailey (1/1)
   Lair: D:8-11

Altars:
Ashenzari
Cheibriados
Dithmenos
Elyvilon
Fedhas
Hepliaklqana
Makhleb
Nemelex Xobeh
Okawaru
Ru
Sif Muna
Trog
Uskayaw
Xom
Yredelemnul
Zin
The Shining One

Shops:
D:4 *   D:6 =

Annotations:
D:3 3 runed translucent doors, Dega's ghost, amateur OpFi; Dega's ghost, amateur SpHu; alstnccchl's ghost, amateur MDFi; cowcow's ghost, weakling NaAl
Temple 2 transporters


Innate Abilities, Weirdness & Mutations

Your spellcasting is much less encumbered by armour.
You can use scrolls of enchantment on lesser artefacts.


Message History

Unknown command.
You feel better.
You completely miss the spriggan.
The spriggan is heavily wounded.
The spriggan closely misses you.
You miss the spriggan.
The spriggan is heavily wounded.
The spriggan hits you with a +0 spear.
* * * LOW HITPOINT WARNING * * *
Casting: Momentum Strike (safe; 2% risk of failure)
Confirm with . or Enter, or press ? or * to list all spells.
Aiming: Momentum Strike (safe; 2% risk of failure)
Press: ? - help, Dir - move target, f/p - spriggan
Aim: a spriggan, wielding a +0 spear (heavily wounded, poisoned, slow, 48% to hit)
The concentrated momentum hits the spriggan!!
You kill the spriggan!
Cheibriados appreciates the change of pace.
You are unable to move.
Your Armour skill increases to level 2!
You start resting.
You are no longer robbed of momentum.
You start resting.
Magic restored.
Unknown command.
You start resting.
HP restored.
Things that are here:
a +0 spear; a spriggan corpse
e - a curare-tipped dart
Okay, then.
Okay, then.
Unknown command.
A spriggan comes into view. It is wielding a +0 trident.
The spriggan shouts!
A spriggan comes into view. It is wielding a +2 rapier of speed.
The spriggan attacks as it pursues you!
The spriggan hits you from afar with a +0 trident!
The spriggan barely misses you.
The spriggan shouts!
The spriggan hits you with a +0 trident!!
The spriggan barely misses you.
The spriggan hits you with a +2 rapier of speed!
The spriggan hits you with a +0 trident!
You miss the spriggan. You barely miss the spriggan.
The spriggan hits you with a +2 rapier of speed!
* * * LOW HITPOINT WARNING * * *
Okay, then.
Okay, then.
Casting: Momentum Strike (safe; 2% risk of failure)
Confirm with . or Enter, or press ? or * to list all spells.
Aiming: Momentum Strike (safe; 2% risk of failure)
Press: ? - help, Dir - move target, f - spriggan
Aim: a spriggan, wielding a +2 rapier of speed (48% to hit)
The concentrated momentum hits the spriggan!
The spriggan is moderately wounded.
You are unable to move.
The spriggan misses you. The spriggan barely misses you.
The spriggan misses you.
Okay, then.
Okay, then.
Okay, then.
Okay, then.
You closely miss the spriggan.
The spriggan is moderately wounded.
You miss the spriggan. The spriggan misses you.
A spriggan comes into view. It is wielding a +0 spear.
The spriggan hits you with a +2 rapier of speed.
* * * LOW HITPOINT WARNING * * *
Okay, then.
It was a potion of heal wounds.
You feel much better.
The spriggan shouts!
The spriggan hits you with a +0 trident!
The spriggan barely misses you.
The spriggan hits you with a +2 rapier of speed.
You slash the spriggan! Lightning courses through the spriggan!
You kill the spriggan!
Cheibriados appreciates the change of pace.
You hit the spriggan. The spriggan closely misses you.
The spriggan hits you from afar with a +0 spear!
A spriggan comes into view.
It is wielding a +4 rapier of protection.
Your Invocations skill increases to level 1!
Okay, then.
Activating: Slouch (52% risk of failure)
Press: ? - help, Dir - look around, f - activate You fail to use your ability.
The spriggan closely misses you.
The spriggan hits you from afar with a +0 spear.
Activating: Slouch (52% risk of failure)
Press: ? - help, Dir - look around, f - activate You fail to use your ability.
The spriggan hits you with a +0 trident!
* * * LOW HITPOINT WARNING * * *
The spriggan hits you from afar with a +0 spear!
* * * LOW HITPOINT WARNING * * *
Activating: Slouch (52% risk of failure)
Press: ? - help, Dir - look around, f - activate You fail to use your ability.
You are no longer robbed of momentum.
The spriggan misses you.
The spriggan hits you from afar with a +0 spear!
You die...
Cheibriados appreciates the motionlessness of death.

#########
##.......##
#i@.......## #
#.i###♣###..##
## #.i# ##..##
##. #..#
##..## #..
#... ##..###..
#.. #..~~~..
#. #..~~~.. #.
#..~~~..
#..~~~..


You could see 3 spriggans.

Vanquished Creatures
  Pikel (Temple)
  Maggie (D:7)
  Grinder (D:6)
  3 spriggans (Bailey)
  A water moccasin (D:7)
  Duvessa (D:7)
  3 ice beasts
  2 black bears (D:5)
  2 orc warriors
  A sky beast (D:7)
  4 ogres
  A lemure (Temple)
  2 phantoms
  A kobold brigand (D:4)
  2 bullfrogs (D:6)
  A water moccasin zombie (D:5)
  3 scorpions
  Dowan (D:7)
  A howler monkey (D:4)
  A centaur zombie (D:5)
  A bullfrog zombie (D:5)
  3 jellies
  6 hounds
  2 sleepcaps
  2 bombardier beetles
  5 orc priests
  A gnoll bouda (D:4)
  4 iguanas
  A scorpion zombie (D:5)
  Ijyb (D:5)
  2 orc wizards
  A killer bee zombie (D:5)
  Robin (D:5)
  10 gnolls
  9 adders
  5 shadow imps
  2 dart slugs
  A ribbon worm (D:3)
  16 orcs
  5 endoplasms
  3 giant cockroaches
  8 goblins
  6 hobgoblins
  4 jackals (D:5)
  2 quokkas
  8 ball pythons
  8 bats
  2 frilled lizards
  9 kobolds
  3 rats
164 creatures vanquished.

Notes
Turn   | Place    | Note
-------+----------+-------------------------------------------
     0 | D:1      | edsrzf the Mountain Dwarf Reaver began the quest for the
                  | Orb.
     0 | D:1      | Reached XP level 1. HP: 17/17 MP: 3/3
    39 | D:1      | Reached skill level 2 in Spellcasting
   177 | D:1      | Reached skill level 3 in Conjurations
   212 | D:1      | Reached XP level 2. HP: 24/24 MP: 5/5
   265 | D:1      | Reached skill level 1 in Necromancy
   287 | D:1      | Learned a level 2 spell: Momentum Strike
   419 | D:1      | Reached XP level 3. HP: 29/29 MP: 6/6
   460 | D:1      | You fall into a shaft and drop 1 floor!
   460 | D:2      | Found a faded altar of an unknown god.
  1095 | D:3      | Reached skill level 2 in Necromancy
  1219 | D:3      | Reached XP level 4. HP: 33/35 MP: 7/7
  1333 | D:3      | Found a runed translucent gate.
  1334 | D:3      | Found a runed translucent gate.
  1472 | D:3      | Found a white marble altar of Elyvilon.
  1502 | D:3      | Found a shimmering altar of Xom.
  1619 | D:3      | Reached skill level 4 in Conjurations
  1791 | D:3      | Found a runed translucent gate.
  1792 | D:3      | Noticed alstnccchl's ghost (amateur MDFi)
  1792 | D:3      | Noticed Dega's ghost (amateur OpFi)
  1792 | D:3      | Noticed Dega's ghost (amateur SpHu)
  1792 | D:3      | Noticed cowcow's ghost (weakling NaAl)
  1881 | D:3      | Reached skill level 3 in Necromancy
  2161 | D:4      | Reached XP level 5. HP: 27/41 MP: 8/8
  2256 | D:4      | Reached skill level 4 in Axes
  2256 | D:4      | Reached skill level 1 in Translocations
  2415 | D:4      | Reached XP level 6. HP: 48/48 MP: 9/9
  2420 | D:4      | Reached skill level 2 in Translocations
  2421 | D:4      | Identified 8 scrolls of identify
  2421 | D:4      | Identified 2 potions of curing
  2422 | D:4      | Identified 3 scrolls of immolation
  2423 | D:4      | Identified 3 scrolls of fog
  2424 | D:4      | Identified a scroll of teleportation
  2428 | D:4      | Found a staircase to the Ecumenical Temple.
  2439 | Temple   | Found a transporter.
  2439 | Temple   | Found a transporter.
  2439 | Temple   | Found a transporter.
  2439 | Temple   | Found a transporter.
  2439 | Temple   | Entered the Ecumenical Temple
  2452 | Temple   | Became a worshipper of Cheibriados the Contemplative
  2555 | D:4      | Noticed Pikel
  2569 | Temple   | Reached skill level 5 in Axes
  2682 | Temple   | Killed Pikel
  2683 | Temple   | Reached skill level 6 in Axes
  2683 | Temple   | Reached skill level 3 in Translocations
  2683 | Temple   | Reached XP level 7. HP: 20/55 MP: 10/10
  2815 | D:4      | Reached skill level 7 in Axes
  2815 | D:4      | Reached skill level 4 in Translocations
  3227 | D:4      | Reached XP level 8. HP: 60/61 MP: 12/12
  3272 | D:4      | Identified 2 potions of berserk rage
  3273 | D:4      | Reached skill level 3 in Spellcasting
  3275 | D:4      | HP: 1/91 [burnt (5)]
  3301 | D:4      | Upgraded the game from 0.32-a0-337-g4ea16c4 to
                  | 0.32-a0-338-g4f8ebfe
  3474 | D:4      | Found Juock's CLEARANCE SALE!.
  3551 | D:4      | Bought a +0 helmet for 13 gold pieces
  3746 | D:5      | Entered Level 5 of the Dungeon
  3756 | D:5      | Reached skill level 8 in Axes
  3995 | D:5      | Noticed Ijyb
  3995 | D:5      | Noticed Robin
  4003 | D:5      | Killed Ijyb
  4007 | D:5      | Reached * piety under Cheibriados
  4008 | D:5      | Killed Robin
  4106 | D:5      | Reached skill level 4 in Spellcasting
  4253 | D:5      | Reached skill level 9 in Axes
  4303 | D:5      | Found a basalt altar of Yredelemnul.
  4311 | D:5      | Reached skill level 3 in Fighting
  4686 | D:5      | Identified a potion of brilliance
  4687 | D:5      | Identified 4 potions of might
  4688 | D:5      | Identified a potion of attraction
  4713 | D:5      | Reached skill level 4 in Fighting
  5030 | D:5      | Reached ** piety under Cheibriados
  5086 | D:5      | Learned a level 3 spell: Vampiric Draining
  5434 | D:5      | Reached XP level 9. HP: 65/72 MP: 11/15
  5520 | D:6      | Found Fyid Qan's Jewellery Shoppe.
  5525 | D:6      | Reached skill level 5 in Fighting
  5525 | D:6      | Reached skill level 10 in Axes
  5889 | D:6      | Reached *** piety under Cheibriados
  6188 | D:6      | Noticed Grinder
  6197 | D:6      | Killed Grinder
  6198 | D:6      | Reached skill level 6 in Fighting
  6268 | D:6      | Reached skill level 11 in Axes
  6675 | D:7      | Noticed Maggie
  6696 | D:7      | Noticed Duvessa
  6696 | D:7      | Noticed Dowan
  6703 | D:7      | Killed Dowan
  6708 | D:7      | Killed Duvessa
  6709 | D:7      | Reached skill level 7 in Fighting
  6803 | D:7      | Killed Maggie
  6988 | D:7      | Found a glowing silver altar of Zin.
  7126 | D:7      | Reached **** piety under Cheibriados
  7425 | D:7      | Reached skill level 12 in Axes
  7425 | D:7      | Reached XP level 10. HP: 57/88 MP: 13/16
  7430 | D:7      | Reached skill level 8 in Fighting
  7756 | D:8      | Found a flagged portal.
  7762 | D:8      | Identified the +4 spear "Donteewk" {venom, rC+ Str+3 Dex-4}
  7764 | D:8      | Identified the +1 spear of Hewet {venom, Will+}
  7767 | Bailey   | Entered a bailey
  7781 | Bailey   | Reached skill level 1 in Armour
  7806 | Bailey   | Reached skill level 2 in Armour
  8016 | Bailey   | Identified 3 potions of heal wounds
  8018 | Bailey   | Reached skill level 1 in Invocations
  8020 | Bailey   | Slain by a spriggan

Illustrated notes

Levels and vault maps discovered:
D:1:      roderic_crop_circles_arrival_small, layout_rooms
D:2:      layout_rooms, ebering_ecumenical_altar_hall
D:3:      layout_loops_ring, mainiacjoe_overflow_paths,
          mainiacjoe_overflow_small_starburst, serial_forest,
          infiniplex_forest_straight_3, infiniplex_forest_straight_4,
          infiniplex_forest_straight_2, infiniplex_forest_end_2,
          infiniplex_forest_lined_4_way, infiniplex_forest_join,
          infiniplex_forest_end_1, infiniplex_forest_clump_C,
          gammafunk_ghost_cemetery, serial_bayou_crossing
D:4:      layout_cave_pools, minmay_temple_entry_tees, st_stairs_5,
          minmay_gold_behind_fungi, minivault_23, nicolae_shop_clearance,
          uniq_pikel
D:5:      layout_loops_ring, nicolae_yredelemnul_corpse_copse,
          nicolae_goblin_pals
D:6:      nicolae_BIG_FREAKIN_CUBE, layout_rooms, serial_shops, shop,
          uniq_grinder
D:7:      layout_loops_ring, zin_treasury, uniq_maggie, uniq_duvessa
D:8:      layout_cave_pods, kiku_gazebo_pond_becter,
          amethyst_overflow_temple_binary, erik_lair_dragon, enter_bailey_2
Temple:   hellmonk_temple_divided_pantheon
Bailey:   bailey_polearm_enchanted_keep_hellmonk, bailey

Skill      XL: |  1  2  3  4  5  6  7  8  9 10 |
---------------+-------------------------------+-----
Spellcasting   | 2 4 |  4.0
Conjurations   | 3 4 |  4.0
Necromancy     | 1 2 3 |  3.0
Axes           | 4 6 7 9 12 | 12.3
Translocations | 1 3 4 |  4.1
Fighting       | 4 7 8 |  8.0
Armour         | 2 |  2.7
Invocations    | 1 |  1.3
Dodging        | |  1.3

Action                     |  1- 3 |  4- 6 |  7- 9 | 10-12 || total
---------------------------+-------+-------+-------+-------++-------
  Melee: Hand axe          |    58 |     1 |    91 |       ||   150
         Whip              |    38 |   143 |   162 |       ||   343
         War axe           |       |       |    85 |    13 ||    98
  Throw: Dart              |       |       |     2 |     1 ||     3
         Throwing net      |       |       |     1 |       ||     1
   Cast: Kiss of Death     |     1 |       |     3 |       ||     4
         Momentum Strike   |       |       |    37 |     4 ||    41
  Evoke: Wand              |       |       |     8 |     6 ||    14
    Use: Scroll            |       |     4 |     3 |       ||     7
         Potion            |       |       |     2 |     2 ||     4
   Stab: Distracted        |       |       |     1 |       ||     1
 Armour: Leather armour    |    65 |    80 |   191 |    22 ||   358
  Dodge: Dodged            |    45 |    92 |   166 |    16 ||   319

Table legend: (Time is in decaauts)
 A = Elapsed time spent in this place.
 B = Non-inter-level travel time spent in this place.
 C = Inter-level travel time spent in this place.
 D = Time resting spent in this place.
 E = Time spent auto-exploring this place.
 F = Levels seen in this place.
 G = Mean time per level.
                   A        B        C        D        E       F      G
               +--------+--------+--------+--------+--------+-----+--------+
         Total |   9141 |   8870 |    271 |   2237 |   5215 |  10 |  914.1 |
       Dungeon |   8494 |   8223 |    271 |   1747 |   5173 |   8 | 1061.8 |
        Temple |    359 |    359 |      0 |    305 |      0 |   1 |  359.0 |
        Bailey |    286 |    286 |      0 |    184 |     42 |   1 |  286.0 |
               +--------+--------+--------+--------+--------+-----+--------+

Top non-repeatable levels by time:
     D:5: 2037 daAuts
     D:7: 1593 daAuts
     D:4: 1376 daAuts
     D:6: 1299 daAuts
     D:3: 1096 daAuts
     D:1: 643 daAuts
     D:2: 408 daAuts
  Temple: 359 daAuts
  Bailey: 286 daAuts
     D:8: 38 daAuts
